 Dungeon Crawl Stone Soup version 0.18.1-48-g4cf74bf (webtiles) character file.

147 sudo the Slasher (level 5, -1/37 HPs)
             Began as a High Elf Abyssal Knight on June 29, 2016.
             Was a Priest of Lugonu.
             Slain by a worm (6 damage)
             ... on level 3 of the Dungeon.
             The game lasted 00:03:20 (3204 turns).

sudo the Slasher (High Elf Abyssal Knight)          Turns: 3204, Time: 00:03:22

Health: -1/37      AC:  3    Str: 12    XL:     5   Next: 8%
Magic:  7/7        EV: 13    Int: 15    God:    Lugonu [***...]
Gold:   88         SH:  0    Dex: 15    Spells: 0 memorised, 4 levels left

rFire  . . .     SeeInvis .     u - -1 broad axe (curse)
rCold  . . .     Gourm    .     l - +0 leather armour (curse)
rNeg   . . .     Faith    .     (no shield)
rPois  .         Spirit   .     (no helmet)
rElec  .         Dismiss  .     (no cloak)
rCorr  .         Reflect  .     (no gloves)
SustAt .         Harm     .     (no boots)
MR     .....                    (no amulet)
Stlth  +.........               (no ring)
                                (no ring)

@: not resistant to hostile enchantments, very unstealthy
A: no striking features
a: Depart the Abyss, Bend Space, Banish, Renounce Religion


You were on level 3 of the Dungeon.
You worshipped Lugonu.
Lugonu was most pleased with you.
You were very hungry.

You visited 1 branch of the dungeon, and saw 3 of its levels.
You visited the Abyss 1 time.

You collected 88 gold pieces.

Inventory:

Hand Weapons
 a - a +1 falchion
 k - a +1 dagger of draining
 q - a +0 dagger of venom
 t - a +0 dagger of speed
 u - a cursed -1 broad axe (weapon)
Armour
 b - a +0 leather armour
 d - a +0 chain mail
 l - a cursed +0 leather armour (worn)
 p - a +1 scale mail of positive energy
 v - a +1 robe of fire resistance
Jewellery
 n - an uncursed ring of ice
Scrolls
 g - a scroll of identify
 j - a scroll of silence
Potions
 c - 2 potions of might {unknown}
 r - 3 potions of curing
 s - a potion of resistance {unknown}
Comestibles
 h - 2 meat rations
 i - a fruit
 o - a bread ration


   Skills:
 + Level 3.9 Fighting
 + Level 1.0(2.8) Short Blades
 * Level 4.1(4.2) Long Blades
 + Level 2.0 Armour
 + Level 2.9 Dodging
 + Level 2.0 Invocations


You had 4 spell levels left.
You didn't know any spells.

Dungeon Overview and Level Annotations

Branches:
Dungeon (3/15)

Altars:


Message History

You are too injured to fight recklessly!
Unknown command.
You are too injured to fight recklessly!
You are too injured to fight recklessly!
Unknown command.
You slash the orc!
You kill the orc!
Lugonu accepts your kill.
You hit the worm.
The worm is lightly wounded.
The worm completely misses you.
You barely miss the worm. The worm barely misses you.
You hit the worm.
The worm is lightly wounded.
The worm bites you!
* * * LOW HITPOINT WARNING * * *
You hit the worm.
The worm is moderately wounded.
The worm bites you.
You die...

#.#
#...............#
#.#
##############....
..# #.#.# #h#
#.#.. #o# #.###
#h# .#... #o#
#.### #w# # #@#
#.# #.# #.# #.#
#.# #.# ... ###


You could see a worm, 2 orcs and 2 jackals.

Vanquished Creatures
  3 gnolls (D:2)
  An adder (D:2)
  2 oozes
  A worm (D:2)
  2 dart slugs
  3 giant geckos
  13 orcs
  3 giant cockroaches
  7 goblins
  7 hobgoblins
  13 jackals
  A quokka (D:2)
  A ball python (D:1)
  A bat (D:1)
  7 giant newts
  3 kobolds (D:2)
  6 rats
74 creatures vanquished.

Notes
Turn   | Place    | Note
--------------------------------------------------------------
     0 | Abyss:1  | sudo the High Elf Abyssal Knight began the quest for the Orb.
     0 | Abyss:1  | Reached XP level 1. HP: 16/16 MP: 3/3
    41 | D:1      | Escaped the Abyss
   100 | D:1      | Reached skill level 1 in Armour
   158 | D:1      | Reached XP level 2. HP: 18/21 MP: 4/4
   244 | D:1      | Reached skill level 3 in Long Blades
   499 | D:1      | Reached ** piety under Lugonu
   511 | D:1      | Reached XP level 3. HP: 10/26 MP: 5/5
  1180 | D:2      | Reached XP level 4. HP: 26/33 MP: 6/6
  2505 | D:2      | Reached *** piety under Lugonu
  2630 | D:3      | Reached skill level 4 in Long Blades
  2643 | D:3      | Reached skill level 1 in Short Blades
  2953 | D:3      | Reached XP level 5. HP: 29/37 MP: 7/7
  3204 | D:3      | Slain by a worm

Skill      XL: |  1  2  3  4  5 |
---------------+----------------+-----
Armour         | 1 2 |  2.0
Long Blades    | 3 4 |  4.1
Short Blades   | 1 |  1.0
Fighting       | |  3.9
Dodging        | |  2.9
Invocations    | |  2.0

Action                   |  1- 3 |  4- 6 || total
-------------------------+-------+-------++-------
Melee: Falchion          |    65 |       ||    65
       Dagger            |    29 |   163 ||   192
       Broad axe         |       |    20 ||    20
  Use: Potion            |     2 |       ||     2
       Scroll            |       |     4 ||     4
  Eat: Chunk             |       |     2 ||     2
       Bread ration      |       |     1 ||     1
Armor: Leather armour    |     9 |    42 ||    51
Dodge: Dodged            |    50 |    97 ||   147
